 Dungeon Crawl Stone Soup version 0.22-a0-117-g314b907 (webtiles) character file.

10075 Klosterheim the Spear-Bearer (level 11, -6/126 HPs)
             Began as a Demonspawn Monk on Jan 29, 2018.
             Was a Priest of Makhleb.
             Mangled by a komodo dragon (21 damage)
             ... on level 1 of the Lair of Beasts.
             The game lasted 00:32:09 (10524 turns).

Klosterheim the Spear-Bearer (Demonspawn Monk)     Turns: 10524, Time: 00:32:09

Health: -6/126     AC: 25    Str: 15    XL:     11   Next: 31%
Magic:  17/17      EV:  2    Int: 11    God:    Makhleb [***...]
Gold:   269        SH:  0    Dex: 16    Spells: 10/10 levels left

rFire    . . .     SeeInvis .   w - +0 glaive
rCold    . . .     Gourm    .   (shield currently unavailable)
rNeg     + + +     Faith    .   (armour currently unavailable)
rPois    +         Spirit   .   (helmet currently unavailable)
rElec    .         Reflect  .   (cloak currently unavailable)
rCorr    .         Harm     .   (gloves currently unavailable)
MR       .....     NoTele   +   (boots currently unavailable)
Stlth    ++........             l - amulet of rage
HPRegen  0.31/turn              f - ring of positive energy
MPRegen  0.15/turn              (no ring)

@: tree-form, hasted, very quick
A: rot immunity
a: Minor Destruction, Lesser Servant of Makhleb, Renounce Religion, Evoke
Berserk Rage


You were on level 1 of the Lair of Beasts.
You worshipped Makhleb.
Makhleb was most pleased with you.
You were not hungry.
You were a tree.
You visited 3 branches of the dungeon, and saw 12 of its levels.

You collected 578 gold pieces.
You spent 309 gold pieces at shops.

Inventory:

Hand Weapons
 b - a +0 hunting sling
 u - a +3 trident
 w - a +0 glaive (weapon)
 D - a +3 bardiche of venom
Missiles
 i - 181 stones (quivered)
 H - a throwing net
Armour
 d - a +0 pair of gloves (melded)
 x - a +1 helmet (melded)
 A - a +0 plate armour
 C - a +0 ring mail of poison resistance (melded)
Jewellery
 f - a ring of positive energy (left branch)
 h - a +3 amulet of reflection
 l - an amulet of rage (around neck)
Wands
 y - a wand of enslavement (13)
 B - a wand of flame (30)
 E - a wand of paralysis (11)
Scrolls
 e - 2 scrolls of remove curse
 j - 3 scrolls of fog
 q - 2 scrolls of teleportation
 s - a scroll of amnesia {unknown}
 F - a scroll of magic mapping
 I - a scroll of enchant weapon
Potions
 a - 3 potions of lignification
 g - 5 potions of brilliance
 k - a potion of berserk rage
 n - a potion of cancellation
 p - a potion of might
 r - a potion of flight
 t - 3 potions of curing
 K - a potion of agility
Books
 o - a book of Changes

   Spells                             Type                      Level
   a - Beastly Appendage              Transmutation                1
   b - Sticks to Snakes               Transmutation                2
   c - Spider Form                    Transmutation/Poison         3
   d - Ice Form                       Ice/Transmutation            4
   e - Blade Hands                    Transmutation                5
 v - a book of Minor Magic

   Spells                             Type                      Level
   a - Magic Dart                     Conjuration                  1
   b - Blink                          Translocation                2
   c - Call Imp                       Summoning                    2
   d - Slow                           Hexes                        2
   e - Conjure Flame                  Conjuration/Fire             3
   f - Mephitic Cloud                 Conjuration/Poison/Air       3
 J - a book of Air

   Spells                             Type                      Level
   a - Shock                          Conjuration/Air              1
   b - Swiftness                      Charms/Air                   2
   c - Static Discharge               Conjuration/Air              3
   d - Airstrike                      Air                          4
   e - Lightning Bolt                 Conjuration/Air              5
Comestibles
 c - 22 rations
 G - a chunk of flesh


   Skills:
 - Level 7.0 Fighting
 * Level 10.8 Polearms
 + Level 6.3 Armour
 + Level 7.1 Dodging
 - Level 1.7 Stealth
 * Level 9.1 Invocations


You had 10 spell levels left.
You didn't know any spells.

Dungeon Overview and Level Annotations

Branches:
Dungeon (10/15)            Temple (1/1) D:4            Lair (1/6) D:10
    Orc: D:9-12

Altars:
Ashenzari
Cheibriados
Dithmenos
Elyvilon
Fedhas
Gozag
Hepliaklqana
Kikubaaqudgha
Makhleb
Nemelex Xobeh
Okawaru
Qazlal
Ru
Sif Muna
Trog
Uskayaw
Vehumet
Wu Jian
Xom
Yredelemnul
Zin
The Shining One

Shops:
D:7 [*}*(


Innate Abilities, Weirdness & Mutations

((You have sharp toenails.))
((You are mostly covered in yellow scales. (AC +3)))
((You are mostly covered in sharp spines.))
You are immune to rotting.


Message History

The komodo dragon bites you!
* * * LOW HITPOINT WARNING * * *
You feel much better. The komodo dragon bites you.
* * * LOW HITPOINT WARNING * * *
You feel yourself speed up. The komodo dragon bites you!!
* * * LOW HITPOINT WARNING * * *
Okay, then.
Evoke which item? (* to show all) (? for menu, Esc to quit)
That's the wrong kind of item! (Use * to select it.) Evoke which item? (* to show all) (? for menu, Esc to quit)
Okay, then.
Evoke which item? (* to show all) (? for menu, Esc to quit)
Aiming: Paralyse
Press: ? - help, Shift-Dir - straight line, f - komodo dragon
Aim: a komodo dragon (moderately wounded, chance to defeat MR: 28%)
Okay, then.
You slash the komodo dragon!
The komodo dragon is severely wounded.
The komodo dragon bites you!!
You die...

###..........# ####
##P##....>....##
....###......†........
#...###.#...........
#...#%#...<.....##
#....#####.#####
#.....## ## #./##....#
##$ #..♣.# . #..l.# .#
#....# .≈ #....# #.
#....# #....# #....#
#....## #....#


You could see a komodo dragon.

Vanquished Creatures
  2 two-headed ogres (D:9)
  The ghost of ThereIsNoGod the Geomancer, a novice FoEE (D:5)
  An unseen horror (D:9)
  Pikel (D:5)
  The ghost of wazuzu the Stinger, a novice GnVM (D:6)
  A black mamba (Lair:1)
  2 spiny frogs (Lair:1)
  A troll (D:9)
  Grinder (D:3)
  3 hippogriffs
  A vampire (D:9)
  3 water moccasins
  A porcupine (Lair:1)
  3 sky beasts
  An eye of draining (D:10)
  2 orc warriors
  3 slaves (D:5)
  A phantom (D:5)
  4 ogres
  5 ice beasts
  2 necrophages
  2 crocodiles (Lair:1)
  5 centaurs
  2 big kobolds
  9 bullfrogs
  3 scorpions
  5 killer bees
  5 howler monkeys
  A wight (D:10)
  3 crimson imps
  2 quasits
  2 bullfrog skeletons
  2 hounds
  3 jellies
  3 orc priests
  Terence (D:3)
  4 orc wizards
  6 worker ants
  A killer bee zombie (D:8)
  A hound zombie (D:10)
  A hound skeleton (D:4)
  Robin (D:3)
  14 adders
  3 shadow imps
  5 adder skeletons
  2 adder zombies
  A worm (D:2)
  A dart slug (D:1)
  2 leopard geckos
  20 orcs
  2 giant cockroaches
  20 goblins
  10 hobgoblins
  4 jackals
  2 quokkas
  4 ball pythons
  5 bats
  7 frilled lizards
  A jackal zombie (D:5)
  7 kobolds
  A leopard gecko zombie (D:7)
  A quokka zombie (D:5)
  10 rats
224 creatures vanquished.

Vanquished Creatures (others)
  An ogre mage (D:10)
  A plant (Lair:1)
2 creatures vanquished.

Grand Total: 226 creatures vanquished

Notes
Turn   | Place    | Note
-------+----------+-------------------------------------------
     0 | D:1      | Klosterheim the Demonspawn Monk began the quest for the Orb.
     0 | D:1      | Reached XP level 1. HP: 18/18 MP: 1/1
   146 | D:1      | Reached skill level 3 in Polearms
   245 | D:1      | Gained mutation: You are partially covered in sharp spines. [demonic ancestry]
   245 | D:1      | Reached XP level 2. HP: 22/24 MP: 2/2
   797 | D:2      | Gained mutation: You are partially covered in yellow scales. (AC +2) [demonic ancestry]
   797 | D:2      | Reached XP level 3. HP: 29/29 MP: 3/3
  1163 | D:2      | Found a shattered altar of Ashenzari.
  1440 | D:3      | Noticed Grinder
  1455 | D:3      | Paralysed by Grinder for 6 turns
  1464 | D:3      | Killed Grinder
  1464 | D:3      | Reached skill level 5 in Polearms
  1464 | D:3      | Reached XP level 4. HP: 35/38 MP: 4/4
  1464 | D:3      | Gained mutation: You are mostly covered in sharp spines. [demonic ancestry]
  1464 | D:3      | Reached XP level 5. HP: 40/43 MP: 5/5
  1533 | D:3      | Reached XP level 6. HP: 49/49 MP: 6/6
  1668 | D:3      | Found a glowing silver altar of Zin.
  1797 | D:3      | Noticed Robin
  1817 | D:3      | Killed Robin
  2478 | D:3      | Noticed Terence
  2485 | D:3      | Killed Terence
  2903 | D:4      | Found a staircase to the Ecumenical Temple.
  2923 | Temple   | Entered the Ecumenical Temple
  3244 | D:4      | Found a shadowy altar of Dithmenos.
  3311 | D:4      | Reached skill level 5 in Fighting
  3445 | D:4      | Found a hide-covered altar of Uskayaw.
  3513 | D:4      | Found an opulent altar of Gozag.
  3598 | D:4      | Reached skill level 1 in Armour
  3598 | D:4      | Gained mutation: You are mostly covered in yellow scales. (AC +3) [demonic ancestry]
  3598 | D:4      | Reached XP level 7. HP: 42/56 MP: 7/7
  3685 | D:4      | Reached skill level 6 in Polearms
  3787 | D:5      | Entered Level 5 of the Dungeon
  3799 | D:5      | Noticed ThereIsNoGod's ghost (novice FoEE)
  3809 | D:5      | Killed ThereIsNoGod's ghost
  3809 | D:5      | Reached XP level 8. HP: 53/64 MP: 8/8
  4060 | D:5      | Reached skill level 7 in Polearms
  4613 | D:5      | Noticed Pikel
  4629 | D:5      | Killed Pikel
  4629 | D:5      | Reached skill level 8 in Polearms
  4629 | D:5      | Gained mutation: You have sharp toenails. [demonic ancestry]
  4629 | D:5      | Reached XP level 9. HP: 71/71 MP: 9/9
  4751 | D:5      | Found a hazy altar of Hepliaklqana.
  4896 | D:6      | Noticed wazuzu's ghost (novice GnVM)
  4994 | D:6      | Reached skill level 5 in Dodging
  5574 | Temple   | Became a worshipper of Makhleb the Destroyer
  5574 | Temple   | Reached * piety under Makhleb
  5574 | Temple   | Reached ** piety under Makhleb
  5726 | D:6      | Killed wazuzu's ghost
  6445 | D:7      | Found Uzoar Xaxt's Gadget Shoppe.
  6447 | D:7      | Found Xoiskun's General Store.
  6457 | D:7      | Bought a +2 bardiche of venom for 228 gold pieces
  6537 | D:7      | Found Ruda's Assorted Antiques.
  6547 | D:7      | Reached skill level 1 in Invocations
  6598 | D:7      | Bought a scroll labeled XEFIME ROPLAHAOPN for 27 gold pieces
  6598 | D:7      | Bought a scroll labeled LADAIL NOROIT for 27 gold pieces
  6598 | D:7      | Bought a scroll labeled YMOF HIUD QADGH for 27 gold pieces
  6678 | D:7      | Found Dohufosi's Armour Shop.
  6792 | D:7      | Found Ahopsigh's Weapon Shoppe.
  6824 | D:7      | Reached skill level 9 in Polearms
  7210 | D:8      | Gained mutation: You are immune to rotting. [demonic ancestry]
  7210 | D:8      | Reached XP level 10. HP: 79/79 MP: 13/13
  7310 | D:8      | Reached skill level 5 in Armour
  8028 | D:8      | Found a sparkling altar of Nemelex Xobeh.
  8223 | D:8      | Reached skill level 5 in Invocations
  8770 | D:9      | Reached *** piety under Makhleb
  8936 | D:9      | Noticed a two-headed ogre
  9143 | D:9      | Killed a two-headed ogre
  9143 | D:9      | Reached skill level 10 in Polearms
  9328 | D:9      | Killed an unseen horror
  9882 | D:9      | Noticed a two-headed ogre
  9889 | D:9      | Killed a two-headed ogre
  9889 | D:9      | Reached XP level 11. HP: 83/84 MP: 15/17
  9914 | D:9      | Got a dull robe
  9925 | D:9      | Identified the +2 robe of Guika {rN+++} (You found it on level 9 of the Dungeon)
  9968 | D:10     | Entered Level 10 of the Dungeon
  9971 | D:10     | Found a staircase to the Lair.
 10295 | D:10     | Noticed an ogre mage
 10312 | D:10     | Killed an ogre mage
 10316 | Lair:1   | Entered Level 1 of the Lair of Beasts
 10512 | Lair:1   | HP: 2/84 [komodo dragon (8)]
 10524 | Lair:1   | Mangled by a komodo dragon

Vault maps used:
D:1:      dpeg_arrival_more_subterranean_lakeside_camping
D:2:      ashenzari_conservatory_becter
D:3:      lemuel_crystal_altar, first_ration, uniq_robin, uniq_grinder,
          uniq_terence
D:4:      kennysheep_the_goblin_king, nicolae_dithmenos_the_darkroom,
          old_standard_altar, minmay_temple_entry_crystal_x, grunt_gozag_statues
D:5:      kennysheep_little_box, kennysheep_opposing_triangles, uniq_pikel
D:7:      serial_shops, nicolae_shop_temple_entry_statues_fountains, shop,
          nicolae_shop_waterfront, shop, shop
D:8:      lemuel_doored_altar, grunt_ogre_cave
D:10:     minmay_the_grid_3x3
Temple:   eino_temple_scatter_basement
Lair:1:   nzn_random_ring

Skill      XL: |  1  2  3  4  5  6  7  8  9 10 11 |
---------------+----------------------------------+-----
Polearms       | 3 5 6 8 9 10 | 10.8
Fighting       | 4 5 6 7 |  7.0
Dodging        | 3 4 5 6 7 |  7.1
Armour         | 1 2 3 4 6 |  6.3
Invocations    | 4 8 9 |  9.1
Stealth        | |  1.7

Action                   |  1- 3 |  4- 6 |  7- 9 | 10-12 || total
-------------------------+-------+-------+-------+-------++-------
Melee: Spear             |    97 |    49 |       |       ||   146
       Whip              |       |    33 |    20 |       ||    53
       Trident           |       |    12 |   136 |       ||   148
       Bardiche          |       |       |    43 |    29 ||    72
       Kick              |       |       |    25 |    37 ||    62
       Glaive            |       |       |       |   136 ||   136
 Fire: Hunting sling     |    27 |    11 |    21 |     1 ||    60
Invok: Minor Destruction |       |       |    12 |    19 ||    31
 Abil: Evoke Berserk Rag |     1 |       |     3 |       ||     4
Evoke: Wand              |       |       |       |     4 ||     4
  Use: Potion            |     1 |       |       |     5 ||     6
       Scroll            |       |     8 |     8 |     8 ||    24
 Stab: Sleeping          |     2 |       |       |     3 ||     5
       Paralysed         |       |       |       |     7 ||     7
  Eat: Chunk             |     2 |     7 |    11 |     7 ||    27
       Ration            |       |       |     1 |     1 ||     2
Armor: Ring mail         |    22 |       |    20 |    49 ||    91
       Scale mail        |     6 |    25 |    44 |       ||    75
       Plate armour      |       |       |     9 |       ||     9
       Skin              |       |       |       |     1 ||     1
Dodge: Dodged            |    52 |    37 |    85 |   116 ||   290

Table legend:
 A = Spawn XP
 B = Non-spawn XP
 C = Spawn XP percentage of total XP
 D = Spawn monster count
 E = Non-spawn monster count
 F = Spawn count percentage of total count
 G = Total turns spent on level
                    A         B        C        D         E        F      G
               +---------+---------+-------+---------+---------+-------+---------
         Total |       0 |   14393 |   0.0 |       0 |     221 |   0.0 | 10524
               +---------+---------+-------+---------+---------+-------+---------
           D:1 |       0 |      22 |   0.0 |       0 |      13 |   0.0 |   747
           D:2 |       0 |      58 |   0.0 |       0 |      27 |   0.0 |   852
           D:3 |       0 |     408 |   0.0 |       0 |      28 |   0.0 |  1161
           D:4 |       0 |     291 |   0.0 |       0 |      16 |   0.0 |   868
           D:5 |       0 |    2288 |   0.0 |       0 |      26 |   0.0 |  1410
           D:6 |       0 |    1010 |   0.0 |       0 |      17 |   0.0 |  1183
           D:7 |       0 |     724 |   0.0 |       0 |      14 |   0.0 |   671
           D:8 |       0 |    1555 |   0.0 |       0 |      22 |   0.0 |  1231
           D:9 |       0 |    4876 |   0.0 |       0 |      31 |   0.0 |  1621
          D:10 |       0 |     955 |   0.0 |       0 |      17 |   0.0 |   348
        Lair:1 |       0 |    2206 |   0.0 |       0 |      10 |   0.0 |   208
               +---------+---------+-------+---------+---------+-------+---------
